Map: 어센션 투 아이어 - 래더

Players

Zest - Winner!

  • Race: Protoss Protoss
  • Spawn Location: 11:00

lllllllllll (sOs)

  • Race: Protoss Protoss
  • League: Grandmaster
  • Spawn Location: 5:00

VOD

Have the link to the VOD?

Description

Time

  • Played on: Dec. 23, 2017, 4:58 a.m.
  • Length: 11:49
Show
View Real Time Build Order
Export as new Build Order

Zest Protoss - Winner!

Build Orders: Oracle Opening, Phoenix Opening, Mass Phoenix 

Get SALT Encoding   

  12  0:00  Probe  
  13  0:12  Probe  
  14  0:17  Pylon  
  14  0:25  Probe (Chrono Boost)  
  16  0:37  Probe (Chrono Boost), Gateway  
  16  0:42  Probe (Chrono Boost)  
  16  0:46  Assimilator  
  17  0:51  Probe (Chrono Boost)  
  17  0:54  Assimilator  
  18  1:03  Probe (Chrono Boost)  
  19  1:07  Gateway  
  19  1:11  Probe (Chrono Boost)  
  20  1:18  Probe  
  20  1:24  Cybernetics Core  
  21  1:30  Probe  
  22  1:34  Pylon  
  22  1:42  Probe  
  24  1:54  Probe  
  24  2:00  Sentry  
  24  2:01  Stalker, Warp Gate  
  28  2:11  Pylon  
  28  2:27  Stargate  
  28  2:39  Nexus  
  28  2:53  Stalker  
  28  2:54  Stalker  
  32  3:00  Oracle (Chrono Boost)  
  32  3:02  Shield Battery  
  32  3:09  Phoenix (Chrono Boost)  
  34  3:14  Probe  
  35  3:26  Probe  
  36  3:33  Phoenix  
  38  3:38  Probe  
  39  3:50  Probe  
  39  3:52  Probe  
  41  3:58  Phoenix (Chrono Boost)  
  43  4:04  Probe (Chrono Boost)  
  43  4:06  Probe (Chrono Boost)  
  45  4:15  Probe (Chrono Boost), Phoenix (Chrono Boost)  
  49  4:18  Probe (Chrono Boost)  
  49  4:20  Probe (Chrono Boost)  
  50  4:26  Pylon  
  50  4:27  Assimilator  
  50  4:31  Assimilator  
  50  4:32  Probe (Chrono Boost)  
  50  4:33  Probe (Chrono Boost)  
  50  4:38  Phoenix  
  54  4:43  Pylon  
  54  4:45  Probe (Chrono Boost)  
  56  4:49  Stargate  
  56  4:50  Probe (Chrono Boost)  
  56  4:52  Probe (Chrono Boost)  
  57  4:56  Probe  
  58  5:00  Probe  
  58  5:05  Phoenix  
  61  5:08  Probe  
  61  5:10  Pylon  
  61  5:12  Probe  
  63  5:20  Probe, Pylon  
  64  5:24  Probe  
  65  5:30  Phoenix (Chrono Boost)  
  65  5:33  Probe, Phoenix (Chrono Boost)  
  70  5:37  Robotics Facility  
  70  5:47  Gateway  
  70  5:49  Gateway  
  70  5:51  Phoenix  
  70  5:54  Phoenix  
  70  5:57  Pylon  
  74  6:10  Nexus  
  74  6:21  Phoenix x2 (Chrono Boost)  
  70  6:29  Observer  
  70  6:31  Probe x2  
  73  6:37  Twilight Council  
  73  6:42  Forge  
  73  6:43  Probe x2  
  75  6:53  Stalker x2  
  75  6:54  Stalker x2  
  81  6:55  Probe x2  
  85  7:05  Pylon  
  85  7:07  Probe x2, Blink (Chrono Boost)  
  87  7:10  Pylon  
  87  7:12  Gateway  
  87  7:14  Gateway  
  87  7:16  Protoss Ground Weapons Level 1 (Chrono Boost)  
  87  7:22  Pylon  
  87  7:24  Observer  
  87  7:25  Probe x2  
  87  7:27  Observer  
  90  7:34  Probe  
  91  7:37  Probe x2  
  93  7:47  Probe  
  93  7:49  Probe  
  95  8:04  Probe x3  
  98  8:15  Assimilator  
  98  8:16  Assimilator, Pylon  
  98  8:17  Pylon  
  98  8:18  Pylon  
  98  8:19  Pylon  
  98  8:20  Probe x2  
  98  8:22  Stalker x2  
  98  8:23  Stalker x3  
  98  8:24  Gateway  
  98  8:25  Gateway  
  110  8:27  Gateway  
  110  8:29  Gateway  
  110  8:35  Charge (Chrono Boost)  
  104  8:44  Probe x3  
  97  8:48  Nexus  
  97  8:50  Warp Prism  
  99  8:58  Probe x3  
  99  9:00  Pylon  
  102  9:03  Pylon  
  102  9:06  Pylon  
  102  9:10  Stalker x4  
  110  9:21  Protoss Ground Weapons Level 2 (Chrono Boost)  
  109  9:33  Zealot x3, Templar Archives  
  109  9:34  Zealot x4  
  123  9:46  Photon Cannon  
  123  9:47  Shield Battery  
  123  9:48  Zealot x3  
  129  9:55  Photon Cannon  
  129  10:08  Zealot x6  
  129  10:10  High Templar x2  
  129  10:11  High Templar  
  129  10:12  High Templar  
  149  10:15  Archon  
  149  10:16  Archon  
  149  10:22  Photon Cannon  
  149  10:24  Pylon  
  149  10:25  Warp Prism (Chrono Boost)  
  151  10:33  High Templar x3  
  151  10:34  High Templar x3  
  163  10:39  Assimilator, Archon x3  
  163  10:40  Assimilator  
  163  10:45  Photon Cannon  
  163  10:56  High Templar x3  
  163  10:57  High Templar  
  171  11:01  Archon  
  171  11:02  Archon  
  171  11:13  Zealot x6  
  183  11:31  Zealot x4  
  151  11:40  Zealot x2  
  151  11:41  Zealot x4  
Show
View Real Time Build Order
Export as new Build Order

lllllllllll Protoss 

Build Orders: Oracle Opening, Archon Immortal, Mass Phoenix 

Get SALT Encoding   

  12  0:00  Probe  
  13  0:12  Probe  
  14  0:17  Pylon  
  14  0:24  Probe (Chrono Boost)  
  15  0:37  Probe (Chrono Boost)  
  15  0:38  Gateway  
  16  0:44  Probe (Chrono Boost)  
  16  0:45  Assimilator  
  17  0:51  Probe  
  17  0:55  Assimilator  
  18  1:03  Probe (Chrono Boost)  
  19  1:07  Gateway  
  19  1:12  Probe (Chrono Boost)  
  19  1:17  Probe (Chrono Boost)  
  20  1:25  Cybernetics Core  
  21  1:29  Probe  
  22  1:34  Pylon  
  22  1:41  Probe  
  23  1:53  Probe  
  24  2:01  Stalker, Sentry  
  24  2:02  Warp Gate  
  24  2:08  Pylon  
  28  2:28  Stargate  
  28  2:46  Nexus  
  28  2:50  Stalker  
  30  2:55  Stalker  
  32  3:03  Shield Battery  
  32  3:05  Probe  
  33  3:12  Oracle (Chrono Boost)  
  33  3:19  Probe  
  37  3:28  Pylon  
  37  3:32  Probe  
  38  3:36  Shield Battery  
  41  3:49  Probe  
  42  4:00  Phoenix  
  41  4:03  Probe  
  41  4:06  Stargate  
  41  4:08  Probe (Chrono Boost)  
  43  4:15  Probe (Chrono Boost)  
  44  4:17  Assimilator  
  44  4:21  Probe (Chrono Boost)  
  44  4:26  Probe (Chrono Boost), Phoenix  
  44  4:27  Probe (Chrono Boost)  
  44  4:30  Probe (Chrono Boost)  
  48  4:35  Probe  
  50  4:42  Probe, Pylon  
  50  4:45  Assimilator  
  51  4:47  Probe  
  52  4:53  Phoenix (Chrono Boost)  
  52  4:54  Probe  
  52  4:59  Probe  
  58  5:02  Pylon, Phoenix (Chrono Boost)  
  55  5:07  Probe  
  55  5:11  Probe  
  55  5:12  Robotics Facility  
  55  5:13  Phoenix  
  57  5:21  Phoenix  
  59  5:31  Probe x2  
  59  5:34  Pylon  
  59  5:35  Phoenix (Chrono Boost)  
  63  5:43  Probe x2  
  65  5:50  Phoenix (Chrono Boost)  
  67  5:57  Phoenix (Chrono Boost)  
  67  5:59  Pylon  
  67  6:01  Observer  
  70  6:05  Probe x2  
  72  6:12  Phoenix  
  72  6:15  Zealot x2, Phoenix  
  68  6:31  Nexus  
  68  6:35  Zealot x2  
  68  6:37  Phoenix (Chrono Boost)  
  68  6:38  Pylon  
  74  6:44  Phoenix (Chrono Boost)  
  76  6:53  Probe x2  
  78  6:54  Shield Battery  
  78  6:57  Phoenix (Chrono Boost)  
  80  7:04  Phoenix  
  82  7:09  Probe x2  
  82  7:15  Assimilator  
  84  7:16  Immortal (Chrono Boost)  
  84  7:19  Assimilator  
  88  7:23  Zealot x2  
  88  7:27  Phoenix  
  94  7:34  Gateway  
  94  7:35  Gateway  
  94  7:46  Immortal (Chrono Boost)  
  94  7:47  Probe x3  
  101  7:55  Pylon  
  101  8:06  Gateway  
  101  8:07  Probe x2, Twilight Council  
  101  8:08  Probe  
  101  8:09  Gateway  
  105  8:27  Probe x3  
  105  8:31  Zealot  
  105  8:32  Zealot  
  104  8:38  Immortal  
  104  8:39  Probe x3  
  102  8:47  Templar Archives  
  102  8:48  Gateway  
  100  8:51  Probe x2  
  100  8:54  Gateway  
  102  9:02  Probe  
  103  9:03  Probe x2  
  103  9:04  Charge  
  103  9:07  Forge  
  105  9:14  Probe, Pylon  
  104  9:22  Immortal (Chrono Boost)  
  106  9:25  High Templar x4  
  106  9:26  High Templar x2  
  106  9:30  Archon x2  
  106  9:31  Archon  
  118  9:39  Pylon  
  118  9:40  Probe x3  
  118  9:44  Pylon  
  121  9:47  High Templar  
  123  9:55  Warp Prism (Chrono Boost)  
  123  9:56  High Templar  
  123  9:58  High Templar x2  
  123  9:59  Protoss Ground Weapons Level 1 (Chrono Boost)  
  131  10:02  Archon x2  
  131  10:05  Nexus  
  131  10:11  Pylon  
  131  10:17  Zealot x2, High Templar x2  
  131  10:18  Pylon  
  139  10:24  Archon  
  139  10:29  Immortal, Pylon  
  143  10:38  High Templar  
  143  10:41  Zealot x4, High Templar  
  155  10:46  Pylon  
  155  10:47  Pylon  
  155  10:51  Archon  
  155  10:56  Pylon  
  155  10:58  Pylon  
  155  11:00  Gateway  
  155  11:01  High Templar x2  
  155  11:02  Zealot x4, Gateway  
  167  11:06  Archon  
  167  11:22  High Templar  
  167  11:24  Zealot x4, High Templar  
  159  11:33  Archon  
  159  11:35  Zealot x2  
  139  11:44  Zealot x3  
  139  11:45  Zealot  
Tags
 
Add a new tag
Caveats
  • Supply blocks, unpowered buildings, or Contaminate may cause inaccurate times.
  • Supply counts are checked every 10 seconds.